Map: Cyber Forest LE

Players

PsT - Winner!

  • Race: Zerg Zerg
  • League: Gold
  • Spawn Location: 5:00

A.I. 1 (Very Easy)

  • Race: Terran Terran
  • Spawn Location: 11:00

VOD

Have the link to the VOD?

Description

Time

  • Played on: March 25, 2019, 2:26 a.m.
  • Length: 7:46
Show
View Real Time Build Order
Export as new Build Order

PsT Zerg - Winner!

Build Orders: Pool First 

Get SALT Encoding   

  12  0:03  Drone  
  13  0:13  Overlord  
  13  0:18  Drone  
  14  0:31  Drone x2  
  16  0:38  Drone  
  17  0:48  Spawning Pool  
  17  0:49  Extractor  
  15  0:51  Drone  
  16  0:58  Drone  
  17  1:15  Drone  
  19  1:25  Drone  
  19  1:26  Hatchery  
  18  1:38  Roach Warren  
  17  1:41  Drone  
  18  1:51  Zergling x2  
  18  1:53  Drone  
  20  2:00  Lair  
  20  2:22  Roach  
  22  2:24  Overlord  
  22  2:30  Overlord  
  22  2:42  Roach  
  24  2:46  Roach  
  24  2:47  Roach  
  24  2:48  Queen  
  30  2:58  Queen  
  30  3:05  Drone  
  33  3:06  Glial Reconstitution  
  33  3:16  Roach  
  35  3:21  Drone x3  
  38  3:27  Queen  
  38  3:32  Extractor  
  39  3:39  Roach x2  
  39  3:41  Drone  
  44  3:50  Evolution Chamber  
  44  3:54  Evolution Chamber  
  42  4:00  Drone  
  42  4:01  Drone  
  44  4:10  Overlord  
  44  4:28  Queen  
  46  4:39  Hatchery  
  45  4:55  Drone x2  
  45  4:56  Drone x4  
  45  4:58  Drone  
  52  5:01  Overlord  
  52  5:02  Overlord  
  52  5:18  Queen  
  54  5:31  Zerg Ground Armor Level 1, Zerg Missile Weapons Level 1  
  54  5:33  Metabolic Boost  
  54  5:46  Drone x3  
  54  5:47  Drone x6  
  61  6:44  Zergling x14  
  61  6:45  Zergling x12  
  61  6:46  Overlord x2  
  61  6:47  Overlord  
Show
View Real Time Build Order
Export as new Build Order

A.I. 1 (Very Easy) Terran 

Build Orders:  

Get SALT Encoding   

  12  0:00  SCV  
  13  0:13  SCV  
  14  0:18  Supply Depot  
  14  0:37  Refinery  
  14  0:42  Barracks  
  14  1:04  Supply Depot  
  14  1:12  Refinery  
  14  1:29  Barracks Tech Lab  
  14  1:30  Orbital Command  
  14  1:47  Marine  
  15  1:56  SCV  
  16  2:08  SCV  
  17  2:20  SCV  
  18  2:31  Marine  
  18  2:32  SCV  
  20  2:44  SCV  
  21  2:56  SCV  
  22  3:15  Marauder  
  24  5:57  Marine  
  24  5:59  Supply Depot  
  21  6:07  SCV  
  13  6:19  SCV  
  10  6:26  Marauder  
  10  6:31  SCV  
  3  6:44  SCV  
  4  6:52  Factory  
  4  6:54  Marine  
  2  6:56  SCV  
  2  7:08  SCV  
  2  7:20  SCV  
Tags
 
League
Gold
Matchup
TvZ
Opening
Pool First
Spawn Locations
Cross Positions
Add a new tag
Caveats
  • Supply blocks, unpowered buildings, or Contaminate may cause inaccurate times.
  • Supply counts are checked every 10 seconds.